 Dungeon Crawl Stone Soup version 0.24.0-2-g5b39cebb1c (webtiles) character file.

Game seed: 4998131917258531679, levelgen mode: deterministic

203 Katsumi the Transmogrifier (level 5, 0/24 HPs)
             Began as a Felid Transmuter on Oct 29, 2019.
             Slain by an adder (3 damage)
             ... on level 6 of the Dungeon.
             The game lasted 00:09:59 (8355 turns).

Katsumi the Transmogrifier (Felid Transmuter)       Turns: 8355, Time: 00:10:00

Health: 0/24       AC:  2    Str:  3    XL:     5   Next: 51%
Magic:  9/9        EV: 18    Int: 17    God:
Gold:   94         SH:  0    Dex: 16    Spells: 0/8 levels left
                                        Lives:  0   Deaths: 2

rFire    + . .     SeeInvis +     - Unarmed
rCold    + . .     Gourm    .   (shield unavailable)
rNeg     . . .     Faith    .   (armour unavailable)
rPois    .         Spirit   .   (helmet unavailable)
rElec    .         Reflect  .   (cloak unavailable)
rCorr    .         Harm     .   (gloves unavailable)
MR       .....                  (boots unavailable)
Stlth    +.........             (no amulet)
HPRegen  0.08/turn              r - ring of protection from fire
MPRegen  0.11/turn              w - ring of Umniff {rC+ Str-3 Slay+3 Stlth-}

@: lethally poisoned (0 -> -4), quick
A: very small, no armour, no weapons or thrown items, stealth, claws 1, fangs 3,
see invisible, carnivore, speed 1, shaggy fur 2, slow metabolism 1, sharp paws
a: no special abilities


You were on level 6 of the Dungeon.
You were not hungry.

You visited 1 branch of the dungeon, and saw 6 of its levels.

You collected 264 gold pieces.
You spent 170 gold pieces at shops.

Inventory:

Missiles
 a - 69 arrows
Jewellery
 e - a +4 amulet of reflection
 r - a ring of protection from fire (left paw)
 w - the ring of Umniff (right paw) {rC+ Str-3 Slay+3 Stlth-}
   (You found it on level 5 of the Dungeon)

   [ring of attention]

   It affects your strength (-3).
   It affects your accuracy and damage with ranged weapons and melee attacks
   (+3).
   It protects you from cold.
   It makes you less stealthy.
 x - an uncursed ring of resist corrosion
Wands
 j - a wand of disintegration (2)
 p - a wand of random effects (4)
Scrolls
 b - 2 scrolls of teleportation
 d - 3 scrolls of noise
 g - 2 scrolls of enchant armour {unknown}
 l - 3 scrolls of magic mapping
 m - 2 scrolls of fog
 n - a scroll of identify
 o - a scroll of fear
 q - 3 scrolls of remove curse
 u - a scroll of blinking
Potions
 f - a potion of flight
 i - 3 potions of lignification
 k - a potion of berserk rage
 s - a potion of heal wounds
 t - 2 potions of agility
Comestibles
 c - 9 rations


   Skills:
 - Level 3.0 Fighting
 - Level 2.6 Dodging
 - Level 3.0 Unarmed Combat
 - Level 2.0 Spellcasting
 + Level 8.8 Transmutations


You couldn't memorise any spells.
You knew the following spells:

 Your Spells              Type           Power        Failure   Level  Hunger
a - Beastly Appendage     Tmut           ####..       1%          1    #......
b - Sticks to Snakes      Tmut           ####....     1%          2    ###....
c - Blade Hands           Tmut           ####......   14%         5    ######.

Your spell library contained the following spells:

 Spells                   Type           Power        Failure   Level  Hunger
 Spider Form              Tmut/Pois      ###.......   10%         3    ###....
 Ice Form                 Ice/Tmut       ###.....     32%         4    #####..


Dungeon Overview and Level Annotations

Branches:
Dungeon (6/15)
 Temple: D:4-7

Altars:
Cheibriados
Elyvilon
Nemelex Xobeh
Okawaru
Vehumet
Yredelemnul

Shops:
D:4 ?   D:6 %

Annotations:
D:2 jellies, exclusion: door
D:4 1 runed translucent door, Crazy Yiuf
D:6 Eustachio


Innate Abilities, Weirdness & Mutations

You cannot wear armour.
You are incapable of wielding weapons or throwing items.
Your paws allow you to move quietly. (Stealth)
You have sharp claws.
You have razor-sharp teeth.
You have supernaturally acute eyesight. (SInv)
You are carnivorous and can eat meat at any time.
You cover ground quickly.
You are covered in thick fur. (AC +2)
You have a slow metabolism.
Your sharp claws are effective at attacking unaware monsters.


Message History

The adder closely misses you. The adder bites you.
The adder bites you but does no damage. The adder barely misses you.
The adder bites you.
You are poisoned.
The adder poisons you!
You feel sick. The adder closely misses you. The adder bites you.
The adder closely misses you. The adder completely misses you. x2
The adder closely misses you. The adder bites you.
* * * LOW HITPOINT WARNING * * *
The adder closely misses you.
You feel sick. The adder bites you.
* * * LOW HITPOINT WARNING * * *
The adder bites you.
* * * LOW HITPOINT WARNING * * *
The adder misses you. The adder barely misses you.
The adder completely misses you. The adder bites you.
You die...

...F.........####........
....o..).................
....####.##..#........>#
...##
#.###)รท...#.....##. ..##
..# #).>.##........ ...#
...# ##............#
......####
#..###........# ......
......###.(...... .......
. #..##@S........ .......
##..S.##....... ##.###
....... #. ...##.. .
....# . .. ....# .. .....
...


You could see 2 adders.

Vanquished Creatures
  An ice beast (D:5)
  A phantom (D:6)
  A scorpion (D:4)
  A centaur skeleton (D:5)
  A gnoll shaman (D:6)
  2 orc priests (D:5)
  2 hounds
  2 orc wizards
  A bullfrog skeleton (D:5)
  An iguana (D:6)
  A gnoll (D:6)
  3 adders
  A river rat (D:3)
  A shadow imp (D:5)
  4 oozes (D:2)
  2 worms (D:3)
  A dart slug (D:4)
  6 leopard geckos
  12 orcs
  5 giant cockroaches
  2 gnoll zombies (D:4)
  4 hobgoblins
  3 quokkas
  A ball python skeleton (D:4)
  4 bats (D:2)
  3 frilled lizards
  5 goblins
  16 kobolds
  A quokka skeleton (D:4)
  8 rats
  A fungus (D:2)
97 creatures vanquished.

Vanquished Creatures (collateral kills)
  A scorpion (D:5)
  An orc wizard (D:3)
  2 adders (D:3)
  A shadow imp (D:5)
  A rat (D:3)
6 creatures vanquished.

Vanquished Creatures (others)
  3 orcs (D:3)
  A rat (D:3)
  9 fungi (D:2)
  A plant (D:3)
  11 toadstools (D:2)
25 creatures vanquished.

Grand Total: 128 creatures vanquished

Notes
Turn   | Place    | Note
-------+----------+-------------------------------------------
     0 | D:1      | Katsumi the Felid Transmuter began the quest for the Orb.
     0 | D:1      | Reached XP level 1. HP: 9/9 MP: 4/4
   712 | D:1      | Found a sparkling altar of Nemelex Xobeh.
  1116 | D:2      | Reached XP level 2. HP: 13/13 MP: 4/6
  1125 | D:2      | Learned a level 2 spell: Sticks to Snakes
  1758 | D:2      | Reached XP level 3. HP: 17/17 MP: 5/7
  2482 | D:2      | Reached skill level 3 in Transmutations
  2670 | D:3      | Reached XP level 4. HP: 6/21 MP: 5/8
  2833 | D:3      | Reached skill level 4 in Transmutations
  3012 | D:3      | Reached XP level 5. HP: 5/24 MP: 9/9
  3187 | D:3      | Learned a level 5 spell: Blade Hands
  3446 | D:3      | Found an iron altar of Okawaru.
  3460 | D:3      | Reached skill level 5 in Transmutations
  3930 | D:3      | Found a radiant altar of Vehumet.
  4002 | D:3      | Found a white marble altar of Elyvilon.
  4241 | D:3      | You fall into a shaft and drop 2 floors!
  4241 | D:5      | Entered Level 5 of the Dungeon
  4639 | D:4      | Found Xoajego's Magic Scroll Boutique.
  4647 | D:4      | Bought a scroll of blinking for 75 gold pieces
  4647 | D:4      | Bought a scroll of fog for 20 gold pieces
  4647 | D:4      | Bought a scroll of random uselessness for 10 gold pieces
  4647 | D:4      | Bought a scroll of remove curse for 30 gold pieces
  4647 | D:4      | Bought a scroll of magic mapping for 35 gold pieces
  4972 | D:4      | Found a basalt altar of Yredelemnul.
  5098 | D:4      | Found a runed translucent door.
  5099 | D:4      | Noticed Crazy Yiuf
  5967 | D:4      | Reached skill level 6 in Transmutations
  5967 | D:4      | Gained mutation: You are covered in thick fur. (AC +2)
                  | [Felid growth]
  5967 | D:4      | Reached XP level 6. HP: 12/28 MP: 5/10
  7175 | D:5      | Reached skill level 7 in Transmutations
  7238 | D:5      | Found a snail-covered altar of Cheibriados.
  7471 | D:5      | Got a steaming lapis lazuli ring
  7472 | D:5      | Identified the ring of Umniff {rC+ Str-3 Slay+3 Stlth-}
                  | (You found it on level 5 of the Dungeon)
  7940 | D:6      | Noticed an ice beast
  7951 | D:5      | Killed an ice beast
  7951 | D:5      | Reached skill level 8 in Transmutations
  7951 | D:5      | Reached XP level 7. HP: 25/31 MP: 6/11
  8315 | D:6      | Slain by an orc
  8316 | D:6      | Reached XP level 6. HP: -4/28 MP: 4/10
  8316 | D:6      | Found Oschu's Food Shop.
  8319 | D:6      | Noticed Eustachio
  8329 | D:6      | HP: 1/28 [ufetubus[Eustachio] (1)]
  8331 | D:6      | Slain by a jackal
  8332 | D:6      | Reached XP level 5. HP: 0/24 MP: 9/9
  8355 | D:6      | Slain by an adder

Levels and vault maps discovered:
D:1:      dpeg_arrival_ternary, layout_loops_ring,
          nemelex_xobeh_ov_fountains_minmay
D:2:      cheibrodos_fertilizer, layout_rooms, minmay_gold_behind_fungi,
          minmay_misc_feat_cross
D:3:      layout_loops_ring, lemuel_coloured_pillars_altar, old_standard_altar,
          elyvilon_altar_4, portal_sewer_entry_a, serial_bayou_lake_a
D:4:      layout_layer_cave, lemuel_zombie_altar_yredelemnul, serial_shops,
          shop, minmay_tree_intersection, uniq_crazy_yiuf_cottage
D:5:      layout_loops_ring, cheibriados_altar_1, first_ration
D:6:      layout_cave_pools, serial_shops, shop,
          grunt_dithmenos_smoke_and_mirrors, uniq_blork_the_orc, uniq_grinder,
          uniq_eustachio, uniq_prince_ribbit1

Skill      XL: |  1  2  3  4  5  6 |
---------------+-------------------+-----
Fighting       | 2 3 |  3.0
Transmutations | 3 4 6 8 |  8.8
Dodging        | |  2.6
Unarmed Combat | |  3.0
Spellcasting   | |  2.0

Action                   |  1- 3 |  4- 6 |  7- 9 || total
-------------------------+-------+-------+-------++-------
Melee: Unarmed           |   119 |   172 |    25 ||   316
       Headbutt          |    22 |    25 |     1 ||    48
       Bite              |     7 |    19 |       ||    26
       Punch             |       |     1 |       ||     1
 Cast: Beastly Appendage |    37 |    33 |     1 ||    71
       Sticks to Snakes  |     5 |    10 |       ||    15
       Blade Hands       |       |     2 |     3 ||     5
Evoke: Wand              |       |     9 |       ||     9
  Use: Scroll            |       |     6 |     2 ||     8
       Potion            |       |     2 |       ||     2
 Stab: Sleeping          |       |     5 |       ||     5
  Eat: Chunk             |    11 |    12 |     1 ||    24
Armor: Skin              |     3 |    11 |       ||    14
Dodge: Dodged            |    86 |   179 |    18 ||   283
